 Dungeon Crawl Stone Soup version 0.24.0-123-gd5b16e6ec5 (webtiles) character file.

Game seed: 15113317896225251654, levelgen mode: deterministic

4 1994 the Chiller (level 1, 0/15 HPs)
             Began as a Ghoul Ice Elementalist on Jan 29, 2020.
             Slain by a kobold (2 damage)
             ... on level 1 of the Dungeon.
             The game lasted 00:02:14 (162 turns).

1994 the Chiller (Ghoul Ice Elementalist)            Turns: 162, Time: 00:02:14

Health: 0/15       AC:  2    Str: 11    XL:     1   Next: 70%
Magic:  1/2        EV: 12    Int: 10    God:
Gold:   30         SH:  0    Dex:  9    Spells: 2/3 levels left

rFire    . . .     SeeInvis .   (no weapon)
rCold    + . .     Gourm    .   (no shield)
rNeg     + + +     Faith    .   a - +0 robe
rPois    ∞         Spirit   .   (no helmet)
rElec    .         Reflect  .   (no cloak)
rCorr    .         Harm     .   (no gloves)
MR       .....                  (no boots)
Stlth    ++........             (no amulet)
HPRegen  0.00/turn              (no ring)
MPRegen  0.08/turn              (no ring)

@: rotting
A: rotting body, claws 1, carnivore, cold resistance 1, negative energy
resistance 3, inhibited regeneration, torment resistance, unbreathing
a: no special abilities


You were on level 1 of the Dungeon.
You were not hungry.

You visited 1 branch of the dungeon, and saw 1 of its levels.

You collected 30 gold pieces.

Inventory:

Missiles
 d - a throwing net (quivered)
Armour
 a - a +0 robe (worn)
Comestibles
 c - a ration


   Skills:
 * Level 0.4 Fighting
 + Level 1.8 Dodging
 - Level 2.1 Stealth
 * Level 0.4 Unarmed Combat
 + Level 1.8 Spellcasting
   Level 0.7 Conjurations
 + Level 3.3 Ice Magic


You had 2 spell levels left.
You knew the following spells:

 Your Spells              Type           Power        Failure   Level  Hunger
a - Freeze                Ice            #...         9%          1    ##.....

Your spell library contained the following spells:

 Spells                   Type           Power        Failure   Level  Hunger
 Throw Frost              Conj/Ice       #.....       22%         2    ###....
 Ozocubu's Armour         Chrm/Ice       #.......     43%         3    ####...
 Throw Icicle             Conj/Ice       #.......     80%         4    #####..
 Summon Ice Beast         Ice/Summ       #.......     85%         4    #####..


Dungeon Overview and Level Annotations

Branches:
Dungeon (1/15)

Altars:


Innate Abilities, Weirdness & Mutations

Your body is rotting away.
You thrive on raw meat.
You are immune to poison.
You have sharp fingernails.
You are carnivorous and can eat meat at any time.
Your flesh is cold resistant. (rC+)
You are immune to negative energy. (rN+++)
You do not regenerate when monsters are visible.
You are immune to unholy pain and torment.
You can survive without breathing.


Message History

The bat hits you but does no damage. The kobold barely misses you.
The bat misses you. The bat hits you but does no damage.
The kobold throws a stone.
The stone hits you but does no damage.
You see here a stone.
You scratch the bat.
The bat is severely wounded.
The bat hits you.
The kobold throws a stone.
The stone hits you but does no damage. The bat hits you but does no damage.
The kobold misses you.
You closely miss the kobold. The bat misses you. The kobold hits you.
* * * LOW HITPOINT WARNING * * *
You barely miss the kobold. The bat hits you.
* * * LOW HITPOINT WARNING * * *
The kobold barely misses you. The bat closely misses you.
The kobold hits you but does no damage.
Unknown command.
You scratch the kobold.
The kobold is moderately wounded.
The bat barely misses you. The kobold hits you.
You die...

#.#...............# #
#########.#...#.#.........###
.........÷......#............
#.#####...#........#.........
#.#.#.#####.########...
...#.......... .......
#######(#####.#. #######
#..b.)...... #.#>@K......
#............#.
#......####### #......#
#......# #......# #......
#.....#


You could see a bat and a kobold.

Vanquished Creatures
  A goblin (D:1)
  2 hobgoblins (D:1)
  A rat (D:1)
4 creatures vanquished.

Notes
Turn   | Place    | Note
-------+----------+-------------------------------------------
     0 | D:1      | 1994 the Ghoul Ice Elementalist began the quest for the
                  | Orb.
     0 | D:1      | Reached XP level 1. HP: 14/14 MP: 2/2
   162 | D:1      | Slain by a kobold

Levels and vault maps discovered:
D:1:      wander_arrival_chamber, layout_basic

Action                   || total
-------------------------++-------
Melee: Unarmed           ||    19
 Cast: Freeze            ||     1
 Stab: Sleeping          ||     1
  Eat: Chunk             ||     4
Armor: Robe              ||     9
Dodge: Dodged            ||    16
